 Dungeon Crawl Stone Soup version 0.20-a0-345-gbfb25ec (webtiles) character file.

53 FitzyFitz the Skirmisher (level 3, -1/31 HPs)
             Began as a Mummy Abyssal Knight on Dec 22, 2016.
             Was a Follower of Lugonu.
             Slain by an adder (3 damage)
             ... on level 2 of the Dungeon.
             The game lasted 00:03:30 (2208 turns).

FitzyFitz the Skirmisher (Mummy Abyssal Knight)     Turns: 2208, Time: 00:03:31

Health: -1/31      AC:  3    Str: 18    XL:     3   Next: 62%
Magic:  4/4        EV: 11    Int: 12    God:    Lugonu [*.....]
Gold:   69         SH:  0    Dex: 11    Spells: 2/2 levels left

rFire  x . .     SeeInvis .     a - +1 mace
rCold  + . .     Gourm    .     b - +0 leather armour
rNeg   + + +     Faith    .     (no shield)
rPois  ∞         Spirit   .     (no helmet)
rElec  .         Reflect  .     (no cloak)
rCorr  .         Harm     .     (no gloves)
MR     .....                    (no boots)
Stlth  ..........               (no amulet)
                                j - +3 ring of strength
                                g - ring of loudness (curse)

@: no status effects
A: no food or potions, fire vulnerability, cold resistance 1, negative energy
resistance 3, torment resistance, unbreathing
a: Depart the Abyss, Renounce Religion


You were on level 2 of the Dungeon.
You worshipped Lugonu.
Lugonu was aware of your devotion.
You were not hungry.

You visited 1 branch of the dungeon, and saw 2 of its levels.
You visited the Abyss 1 time.

You collected 69 gold pieces.

Inventory:

Hand Weapons
 a - a +1 mace (weapon)
 c - a +0 spear
 d - a +0 hand axe
 e - a +0 hunting sling
 i - a +0 war axe
Missiles
 h - 18 sling bullets
Armour
 b - a +0 leather armour (worn)
Jewellery
 g - a cursed ring of loudness (left hand)
 j - a +3 ring of strength (right hand)
Scrolls
 f - a scroll of identify
 k - a scroll of teleportation


   Skills:
 + Level 4.6 Fighting
 - Level 1.5 Maces & Flails
 - Level 1.5 Armour
 - Level 0.7 Dodging
 - Level 1.5 Invocations


You had 2 spell levels left.
You didn't know any spells.

Dungeon Overview and Level Annotations

Branches:
Dungeon (2/15)

Altars:
Kikubaaqudgha
Uskayaw
The Shining One


Innate Abilities, Weirdness & Mutations

You do not eat or drink.
Your flesh is vulnerable to fire.
You are immune to poison.
Your flesh is cold resistant. (rC+)
You are immune to negative energy. (rN+++)
You are immune to unholy pain and torment.
You can survive without breathing.


Message History

The adder is severely wounded.
The adder bites you.
* * * LOW HITPOINT WARNING * * *
The adder closely misses you.
You miss the adder.
The adder is severely wounded.
The adder bites you.
* * * LOW HITPOINT WARNING * * *
You hit the adder.
The adder is almost dead.
The adder bites you but does no damage. The adder bites you.
* * * LOW HITPOINT WARNING * * *
You closely miss the adder.
The adder is almost dead.
The adder bites you but does no damage. The adder bites you.
* * * LOW HITPOINT WARNING * * *
You hit the adder.
The adder is almost dead.
The adder bites you.
You die...

####...# ..#..
......#.## #.#.#
..........
##.#.##
....#######
###..<..
..........(
....... ...
####### #....# ..
#...) #.#S##
#.### #..@.######
#..........
##...###### ##(##
#.##### #.....#
#(###.# #. #.#
#.########.#
#.###.......##..#


You could see an adder.

Vanquished Creatures
  An ooze (D:2)
  2 worms (D:2)
  A leopard gecko (D:1)
  2 giant cockroaches (D:1)
  6 goblins
  7 hobgoblins
  5 jackals
  A quokka (D:2)
  2 ball pythons (D:2)
  3 bats
  A kobold (D:1)
  6 rats
37 creatures vanquished.

Notes
Turn   | Place    | Note
-------+----------+-------------------------------------------
     0 | Abyss:1  | FitzyFitz the Mummy Abyssal Knight began the quest for the Orb.
     0 | Abyss:1  | Reached XP level 1. HP: 18/18 MP: 2/2
    27 | Abyss:1  | Noticed an orange demon
    29 | D:1      | Escaped the Abyss
    33 | D:1      | Noticed an electric eel
    33 | D:1      | Noticed an electric eel
   529 | D:1      | Reached XP level 2. HP: 17/24 MP: 3/3
   782 | D:1      | Reached * piety under Lugonu
  1092 | D:2      | Reached skill level 4 in Fighting
  1100 | D:2      | Found a hide-covered altar of Uskayaw.
  1100 | D:2      | Found an ancient bone altar of Kikubaaqudgha.
  1318 | D:2      | Reached XP level 3. HP: 22/30 MP: 4/4
  2137 | D:2      | Found a glowing golden altar of the Shining One.
  2208 | D:2      | Slain by an adder

Vault maps used:
D:1:      arrival_aquarium_b
D:2:      minmay_roachtagon, lemuel_round_altar,
          gammafunk_temple_overflow_statue, first_bread
Abyss:1:  evilmike_abyss_exit_12

Skill      XL: |  1  2 |
---------------+-------+-----
Fighting       | 4 |  4.6
Maces & Flails | |  1.5
Armour         | |  1.5
Dodging        | |  0.7
Invocations    | |  1.5

Action                   || total
-------------------------++-------
Melee: Mace              ||   140
Invok: Depart the Abyss  ||     1
  Use: Scroll            ||     5
Armor: Leather armour    ||    34
Dodge: Dodged            ||   111
